 Dungeon Sprint DCSS version 0.23-a0-180-ga5275e7 (webtiles) character file.

2622 Fang the Fighter (level 9, -10/69 HPs)
             Began as a Gargoyle Berserker on Sept 18, 2018.
             Was a Priest of Trog.
             Mangled by a scimitar of electrocution (13 damage)
             ... in the Dungeon (Sprint V: "Ziggurat Sprint").
             The game lasted 00:00:58 (439 turns).

Fang the Fighter (Gargoyle Berserker)                Turns: 439, Time: 00:00:59

Health: -10/69     AC: 25    Str: 36    XL:     9   Next: 60%
Magic:  9/9        EV: 12    Int:  8    God:    Trog [***...]
Gold:   0          SH:  0    Dex:  9    Spells: 8/8 levels left

rFire    . . .     SeeInvis .   k - +5 executioner's axe
rCold    . . .     Gourm    .   (shield currently unavailable)
rNeg     + . .     Faith    .   j - +5 shadow dragon scales
rPois    ∞         Spirit   .   (no helmet)
rElec    +         Reflect  .   (no cloak)
rCorr    .         Harm     .   (no gloves)
MR       .....     NoTele   +   (no boots)
Stlth    ++........             (no amulet)
HPRegen  0.21/turn              D - +6 ring of strength
MPRegen  0.11/turn              E - +6 ring of strength

@: berserk cooldown, slowed, very slow
A: negative energy resistance 1, electricity resistance, unbreathing,
petrification resistance, rot immunity, AC +6
a: Berserk, Trog's Hand, Renounce Religion


You were in the Dungeon.
You worshipped Trog.
Trog was most pleased with you.
You were very hungry.

You visited 1 branch

Inventory:

Hand Weapons
 k - a +5 executioner's axe (weapon)
Armour
 j - +5 shadow dragon scales (worn)
Jewellery
 D - a +6 ring of strength (left hand)
 E - a +6 ring of strength (right hand)
Wands
 w - a wand of disintegration (7)
 x - a wand of iceblast (7)
 y - a wand of acid (7)
Scrolls
 i - 4 scrolls of blinking
 l - 7 scrolls of fog
 m - a scroll of holy word
 n - 5 scrolls of identify
 o - 5 scrolls of remove curse
 p - 2 scrolls of fear
Potions
 d - 10 potions of curing
 e - 10 potions of heal wounds
 f - 6 potions of haste
 g - 7 potions of magic
 h - 3 potions of berserk rage
 q - 2 potions of brilliance
 r - 2 potions of invisibility
 s - 4 potions of resistance
 t - a potion of experience
 u - 5 potions of agility
 v - 5 potions of might
Comestibles
 c - 7 rations


   Skills:
 + Level 14.1 Fighting
 + Level 12.9 Axes
 + Level 8.2 Armour
 + Level 6.2 Dodging


You had 8 spell levels left.
You didn't know any spells.
Your spell library was empty.

Dungeon Overview and Level Annotations

Branches:
Dungeon (1/1)

Altars:
Ashenzari
Cheibriados
Dithmenos
Elyvilon
Fedhas
Gozag
Hepliaklqana
Kikubaaqudgha
Makhleb
Nemelex Xobeh
Okawaru
Qazlal
Ru
Sif Muna
Trog
Uskayaw
Vehumet
Wu Jian
Xom
Yredelemnul
Zin
The Shining One
Beogh
Jiyva
Lugonu

Annotations:
D 1 transporter


Innate Abilities, Weirdness & Mutations

You are resistant to torment.
Your stone body is resilient. (AC +6)
You are immune to poison.
You resist negative energy. (rN+)
You are resistant to electric shocks. (rElec)
You can survive without breathing.
You are immune to petrification.
You are immune to rotting.


Message History

The scimitar of electrocution hits you!
The halberd of venom hits you from afar!!
Unknown command.
You are too injured to fight recklessly!
Unknown command.
You are too injured to fight recklessly!
You hit the scimitar of electrocution but do no damage.
You are no longer berserk.
You are exhausted.
You feel yourself slow down.
The scimitar of electrocution barely misses you.
The halberd of venom hits you from afar!
* * * LOW HITPOINT WARNING * * *
You closely miss the scimitar of electrocution.
The scimitar of electrocution hits you!
* * * LOW HITPOINT WARNING * * *
The halberd of venom hits you from afar.
* * * LOW HITPOINT WARNING * * *
The scimitar of electrocution hits you!
You die...

▓▓▓▓▓▓▓▓▓▓▓▓▓▓▓▓▓▓▓
▓.8©8.▓.8©8.▓.8©8.▓
▓."=:.▓.}[:.▓.....▓
▓..[..▓.....▓.|.).▓
▓..(..▓..)..▓.....▓
▓.))(.▓.....▓..)).▓
▓..@..▓..)(.▓..©..▓
▓..©..▓..©..▓▓▓▓▓▓▓
▓▓▓▓▓▓▓▓▓▓▓▓▓


You could see 2 dancing weapons.

Vanquished Creatures
  2 dancing weapons (D)
  A two-headed ogre (D)
  2 deep elf knights (D)
  An air elemental (D)
  An ogre (D)
7 creatures vanquished.

Notes
Turn   | Place    | Note
-------+----------+-------------------------------------------
     0 | D        | Found the +6 Majin-Bo {vamp, Archmagi MP+6 Int+6}
     0 | D        | Found the +7 great mace "Firestarter" {inner flame, rF++}
     0 | D        | Fang the Gargoyle Berserker began the quest for the Orb.
     0 | D        | Reached XP level 1. HP: 14/14 MP: 1/1
     3 | D        | Found a blossoming altar of Fedhas.
     4 | D        | Found a viscous altar of Jiyva.
     4 | D        | Found a hazy altar of Hepliaklqana.
     4 | D        | Found a transporter.
     4 | D        | Found an opulent altar of Gozag.
     4 | D        | Found an ancient bone altar of Kikubaaqudgha.
     4 | D        | Found a corrupted altar of Lugonu.
     8 | D        | Found a burning altar of Makhleb.
     9 | D        | Found a sacrificial altar of Ru.
     9 | D        | Found a stormy altar of Qazlal.
     9 | D        | Found a deep blue altar of Sif Muna.
     9 | D        | Found an iron altar of Okawaru.
     9 | D        | Found a bloodstained altar of Trog.
     9 | D        | Found a sparkling altar of Nemelex Xobeh.
    68 | D        | Entered arena 2.
    68 | D        | Noticed a two-headed ogre
    68 | D        | Noticed an ogre
    68 | D        | Found a transporter.
    71 | D        | Killed a two-headed ogre
    71 | D        | Reached skill level 11 in Fighting
    71 | D        | Reached skill level 5 in Armour
    71 | D        | Reached XP level 2. HP: 29/29 MP: 2/2
    71 | D        | Reached XP level 3. HP: 34/34 MP: 3/3
    71 | D        | Reached XP level 4. HP: 40/40 MP: 4/4
    71 | D        | Reached XP level 5. HP: 44/44 MP: 5/5
    71 | D        | Reached XP level 6. HP: 49/49 MP: 6/6
    71 | D        | Reached XP level 7. HP: 54/54 MP: 7/7
    71 | D        | Reached skill level 10 in Axes
   109 | D        | Entered arena 3.
   109 | D        | Noticed a deep elf knight
   109 | D        | Noticed a deep elf knight
   109 | D        | Noticed an air elemental
   109 | D        | Found a transporter.
   114 | D        | Killed a deep elf knight
   114 | D        | Reached ** piety under Trog
   114 | D        | Reached skill level 12 in Fighting
   114 | D        | Reached skill level 5 in Dodging
   114 | D        | Reached XP level 8. HP: 37/60 MP: 8/8
   116 | D        | Killed an air elemental
   117 | D        | Killed a deep elf knight
   117 | D        | Reached *** piety under Trog
   428 | D        | Entered arena 4.
   428 | D        | Noticed a scimitar of electrocution
   428 | D        | Noticed a halberd of venom
   428 | D        | Noticed a trident of piercing
   428 | D        | Noticed a scimitar of slicing
   428 | D        | Found a transporter.
   432 | D        | Killed a scimitar of slicing
   432 | D        | Reached skill level 13 in Fighting
   432 | D        | Reached XP level 9. HP: 68/68 MP: 9/9
   433 | D        | Killed a trident of piercing
   433 | D        | Reached skill level 14 in Fighting
   439 | D        | HP: 3/69 [halberd of venom (1)]
   439 | D        | Mangled by a scimitar of electrocution

Vault maps used:
D:        sprint_v

Skill      XL: |  1  2  3  4  5  6  7  8  9 |
---------------+----------------------------+-----
Fighting       | 11 12 13 14 | 14.1
Axes           | 9 10 12 | 12.9
Armour         | 5 7 8 |  8.2
Dodging        | 4 5 6 |  6.2

Action                   |  1- 3 |  4- 6 |  7- 9 || total
-------------------------+-------+-------+-------++-------
Melee: Executioner's axe |     2 |       |    15 ||    17
Invok: Berserk           |     1 |       |     2 ||     3
Armor: Shadow dragon sca |       |       |    16 ||    16
Dodge: Dodged            |     2 |       |    11 ||    13

Table legend:
 A = Non-vault XP
 B = Vault XP
 C = Vault XP percentage of total XP
 D = Non-vault monster count
 E = Vault monster count
 F = Vault count percentage of total count
                 A         B        C        D         E       F
            +---------+---------+-------+---------+---------+-------
      Total |       0 |    3746 | 100.0 |       0 |       7 | 100.0
            +---------+---------+-------+---------+---------+-------
          D |       0 |    3746 | 100.0 |       0 |       7 | 100.0
            +---------+---------+-------+---------+---------+-------
